 Dungeon Crawl Stone Soup version 0.20.1-1-g8b1a95d (webtiles) character file.

691 raph the Firebug (level 7, -2/36 HPs)
             Began as a Deep Elf Fire Elementalist on Oct 2, 2017.
             Slain by a hound (5 damage)
             ... on level 4 of the Dungeon.
             The game lasted 00:11:52 (5046 turns).

raph the Firebug (Deep Elf Fire Elementalist)       Turns: 5046, Time: 00:11:53

Health: -2/36      AC:  3    Str:  6    XL:     7   Next: 36%
Magic:  1/17       EV: 14    Int: 21    God:
Gold:   273        SH:  0    Dex: 15    Spells: 4/17 levels left

rFire    . . .     SeeInvis .   a - +4 dagger
rCold    + . .     Gourm    .   (no shield)
rNeg     . . .     Faith    .   x - -1 robe (curse)
rPois    .         Spirit   .   o - +0 helmet
rElec    .         Reflect  .   u - +0 cloak
rCorr    .         Harm     .   (no gloves)
MR       .....                  (no boots)
Stlth    ++........             (no amulet)
Regen    0.2/turn               f - ring of protection from cold
MPRegen  0.2/turn               (no ring)

@: lethally poisoned (-2 -> -9), very slightly contaminated
A: no striking features
a: no special abilities


You were on level 4 of the Dungeon.
You were near starving.

You visited 1 branch of the dungeon, and saw 5 of its levels.

You collected 273 gold pieces.

Inventory:

Hand Weapons
 a - a +4 dagger (weapon)
 b - a +3 dagger of venom
 q - a +1 short sword of flaming
Missiles
 s - 5 tomahawks (quivered)
Armour
 d - a +0 robe
 m - a +0 leather armour
 o - a +0 helmet (worn)
 u - a +0 cloak (worn)
 x - a cursed -1 robe (worn)
Jewellery
 f - a ring of protection from cold (left hand)
Wands
 r - a wand of flame (32/48)
Scrolls
 k - a scroll of teleportation
Potions
 e - 4 potions of curing
 h - 2 potions of brilliance {unknown}
 i - a potion of invisibility {unknown}
 j - a potion of flight {unknown}
 l - a potion of berserk rage
 p - a potion of mutation {unknown}
 t - a potion of cancellation
Books
 g - a book of Flames

   Spells                             Type                      Level
   a - Flame Tongue                   Conjuration/Fire             1
   b - Throw Flame                    Conjuration/Fire             2
   c - Conjure Flame                  Conjuration/Fire             3
   d - Inner Flame                    Hexes/Fire                   3
   e - Sticky Flame                   Conjuration/Fire             4
   f - Fireball                       Conjuration/Fire             5
Comestibles
 c - 3 bread rations
 n - 3 meat rations


   Skills:
 + Level 2.2 Armour
 + Level 4.4 Dodging
 - Level 2.4 Stealth
 + Level 5.6 Spellcasting
 + Level 3.5 Conjurations
 * Level 6.0 Fire Magic


You had 4 spell levels left.
You knew the following spells:

 Your Spells              Type           Power        Failure   Level  Hunger
a - Flame Tongue          Conj/Fire      ####.        1%          1    None
b - Throw Flame           Conj/Fire      ####..       1%          2    None
c - Conjure Flame         Conj/Fire      ####....     4%          3    ##.....
d - Inner Flame           Hex/Fire       ###.....     9%          3    ##.....
e - Sticky Flame          Conj/Fire      ####....     14%         4    ####...


Dungeon Overview and Level Annotations

Branches:
Dungeon (5/15)
 Temple: D:4-7

Altars:
Ashenzari
Uskayaw
Vehumet
Yredelemnul
The Shining One

Shops:
D:5 }

Annotations:
D:5 Agrougrou's ghost, novice DsFi


Message History

The scorpion is covered in liquid flames!
You are near starving!
The scorpion burns!
The hound barely misses you. The scorpion misses you.
The hound closely misses you.
Okay, then.
Casting: Sticky Flame
Confirm with . or Enter, or press ? or * to list all spells.
You don't have enough magic to cast that spell.
Casting: Sticky Flame
Confirm with . or Enter, or press ? or * to list all spells.
Aiming: Flame Tongue
Press: ? - help, Shift-Dir - straight line, f - hound, p - scorpion
Aim: a hound The flame tongue hits the hound.
The hound is heavily wounded.
The scorpion burns!
The scorpion stings you!
* * * LOW HITPOINT WARNING * * *
You are lethally poisoned!
The scorpion poisons you! The hound bites you.
You die...

#.####.###.###.# #.#
...............# #.#
..####.######### #.#
..# #.# #.# ..####.####
### ..........#
#.####.##.##
#.###.###..############
...............h@s....#
..###.###..#.##########
..# #.# #..#.#
..###.###..#.######
...........)......#
..................#
.......#.#.#.##...#
.......#.#.#.##...#
#........#.#.##...#


You could see a scorpion (burning) and a hound.

Vanquished Creatures
  An ogre (D:4)
  A crimson imp (D:4)
  4 hounds (D:4)
  An orc priest (D:3)
  2 orc wizards
  An iguana (D:4)
  A gnoll shaman (D:4)
  A worker ant (D:4)
  10 adders
  8 gnolls (D:4)
  An ooze (D:2)
  An adder zombie (D:4)
  6 worms
  2 dart slugs (D:1)
  3 leopard geckos
  3 orcs
  6 bats
  6 giant cockroaches
  6 goblins
  9 hobgoblins
  8 jackals
  2 quokkas
  7 frilled lizards
  9 kobolds
  8 rats
107 creatures vanquished.

Notes
Turn   | Place    | Note
-------+----------+-------------------------------------------
     0 | D:1      | raph the Deep Elf Fire Elementalist began the quest for the Orb.
     0 | D:1      | Reached XP level 1. HP: 10/10 MP: 6/6
    94 | D:1      | Reached XP level 2. HP: 14/15 MP: 2/8
   407 | D:1      | Reached skill level 4 in Fire Magic
   489 | D:1      | Learned a level 2 spell: Throw Flame
   543 | D:1      | Reached XP level 3. HP: 19/19 MP: 8/10
   715 | D:2      | Learned a level 3 spell: Conjure Flame
   719 | D:2      | Learned a level 3 spell: Inner Flame
  1293 | D:2      | Found a basalt altar of Yredelemnul.
  1384 | D:2      | Reached XP level 4. HP: 24/24 MP: 7/11
  2234 | D:2      | Reached skill level 1 in Armour
  2234 | D:2      | Reached XP level 5. HP: 28/28 MP: 5/13
  2581 | D:3      | Reached skill level 5 in Fire Magic
  3261 | D:4      | Found a radiant altar of Vehumet.
  3278 | D:4      | Noticed an ogre
  3284 | D:4      | Killed an ogre
  3284 | D:4      | Reached XP level 6. HP: 32/32 MP: 7/15
  3342 | D:4      | Learned a level 4 spell: Sticky Flame
  3352 | D:4      | Found a hide-covered altar of Uskayaw.
  3540 | D:4      | Found a shattered altar of Ashenzari.
  3547 | D:4      | Reached skill level 5 in Spellcasting
  3993 | D:4      | Reached XP level 7. HP: 36/36 MP: 7/17
  4445 | D:4      | Found a glowing golden altar of the Shining One.
  4871 | D:5      | Entered Level 5 of the Dungeon
  5003 | D:4      | Reached skill level 6 in Fire Magic
  5039 | D:5      | Found Doxtem's Gadget Shoppe.
  5041 | D:5      | Noticed Agrougrou's ghost (novice DsFi)
  5046 | D:4      | Slain by a hound

Skill      XL: |  1  2  3  4  5  6  7 |
---------------+----------------------+-----
Fire Magic     | 4 5 6 |  6.0
Conjurations   | 2 3 |  3.5
Dodging        | 3 4 |  4.4
Spellcasting   | 4 5 |  5.6
Armour         | 1 2 |  2.2
Stealth        | |  2.4

Action                   |  1- 3 |  4- 6 |  7- 9 || total
-------------------------+-------+-------+-------++-------
Melee: Dagger            |    10 |    12 |   100 ||   122
 Cast: Flame Tongue      |    64 |   114 |    24 ||   202
       Throw Flame       |     3 |     4 |       ||     7
       Conjure Flame     |       |    10 |     1 ||    11
       Inner Flame       |       |     4 |       ||     4
       Sticky Flame      |       |       |     3 ||     3
  Use: Scroll            |       |     8 |     1 ||     9
 Stab: Sleeping          |       |     1 |       ||     1
  Eat: Chunk             |     1 |     9 |     3 ||    13
Armor: Robe              |     3 |     1 |    23 ||    27
       Leather armour    |     8 |    12 |       ||    20
Dodge: Dodged            |    22 |    26 |    64 ||   112
